 Dungeon Crawl Stone Soup version 0.30.1-3-gfc49f6343a (webtiles) character file.

Game seed: 13836466921159227825

3110 H0rd4k the Martial Artist (level 9, -9/58 HPs)
             Began as an Octopode Artificer on July 27, 2023.
             Was an Initiate of Gozag.
             Mangled by an orc warrior
             ... wielding a +0 hand axe
              (11 damage)
             ... on level 6 of the Dungeon.
             The game lasted 00:10:04 (7176 turns).

H0rd4k the Martial Artist (Octopode Artificer)      Turns: 7176, Time: 00:10:04

Health: -9/58      AC:  1    Str: 13    XL:     9   Next: 91%
Magic:  18/18      EV: 15    Int: 18    God:    Gozag
Gold:   523        SH:  0    Dex: 12    Spells: 8/8 levels left

rFire   . .          .
                       - Unarmed
rCold   + + +        (no shield)
rNeg    . . .        (helmet restricted)
rPois   +            (no amulet)
rElec   +            r - ring "Miufam" {rC+ Str+2}
rCorr   +            d - ring of ice
SInv    .            J - ring of magical power
Will    .....        (no ring)
Stlth   ++++         (no ring)
HPRegen 0.29/turn    (no ring)
MPRegen 0.16/turn    (no ring)
                     (no ring)

%: no passive effects
@: resistant, gold aura, hasted, very quick
A: almost no armour, amphibious, 8 rings, camouflage 1, gelatinous body 1,
(nimble swimmer 1), tentacles
a: Renounce Religion, Potion Petition, Call Merchant, Bribe Branch


You were on level 6 of the Dungeon.
You worshipped Gozag.
Gozag was pleased with you.
You visited 2 branches of the dungeon, and saw 7 of its levels.
You also visited: Sewer and Ossuary.

You collected 582 gold pieces.
You paid 59 gold pieces to Gozag.

Inventory:

Missiles
 j - a throwing net
 k - 4 curare-tipped darts
 y - 9 poisoned darts
Jewellery
 d - a ring of ice (right tentacle)
 r - the ring "Miufam" (left tentacle) {rC+ Str+2}
   (You found it on level 3 of the Dungeon)

   [ring of protection from cold]

   Str:       It affects your strength (+2).
   rC:        It protects you from cold.
 J - a ring of magical power (on tentacle)
Wands
 c - a wand of charming (12)
 q - a wand of polymorph (13)
 u - a wand of mindburst (4)
Scrolls
 a - 5 scrolls of enchant weapon {unknown}
 e - a scroll of immolation {unknown}
 f - 7 scrolls of identify {unknown}
 i - 2 scrolls of magic mapping {unknown}
 l - 4 scrolls of teleportation {unknown}
 m - 2 scrolls of poison {unknown}
 o - 3 scrolls of vulnerability {unknown}
 p - a scroll of silence {unknown}
 v - 2 scrolls of blinking {unknown}
 G - 2 scrolls of enchant armour {unknown}
 I - a scroll of fear {unknown}
Potions
 g - 2 potions of resistance
 h - 2 potions of haste
 n - 2 potions of brilliance {unknown}
 s - a potion of flight {unknown}
 t - 2 potions of attraction {unknown}
 w - 2 potions of cancellation {unknown}
 x - a potion of heal wounds {unknown}
 z - a potion of experience {unknown}
 A - 3 potions of invisibility {unknown}
 B - 3 potions of might {unknown}
 C - 2 potions of magic {unknown}
 D - 2 potions of mutation {unknown}
 E - 2 potions of lignification {unknown}
 F - 2 potions of degeneration {unknown}
 H - 5 potions of curing {unknown}
 K - a potion of ambrosia {unknown}


   Skills:
 + Level 4.1 Fighting
 + Level 1.0 Throwing
 + Level 5.6 Dodging
 + Level 7.2 Stealth
 + Level 9.8 Unarmed Combat
 + Level 5.2 Evocations


You had 8 spell levels left.
You didn't know any spells.
Your spell library contained the following spells:

 Spells                   Type           Power      Damage    Failure   Level
 Lesser Beckoning         Tloc           0%         N/A       32%         2
 Gell's Gravitas          Tloc           0%         N/A       54%         3
 Teleport Other           Tloc           0%         N/A       54%         3


Dungeon Overview and Level Annotations

Branches:
Dungeon (6/15)             Temple (1/1) D:5           Sewer (visited)
Ossuary (visited)

Altars:
Ashenzari
Elyvilon
Fedhas
Gozag
Nemelex Xobeh
Okawaru
Qazlal
Ru
Sif Muna
Trog
Uskayaw
Vehumet
Xom
Yredelemnul
Zin
The Shining One

Shops:
D:6 [

Annotations:
D:4 3 runed translucent doors, exclusion: 3 doors, LavenderCorpse's ghost, amateur DjFi
D:5 exclusion: downstairs


Innate Abilities, Weirdness & Mutations

You cannot wear most types of armour.
You are amphibious.
You can wear up to eight rings at the same time.
Your skin changes colour to match your surroundings (Stealth+).
Your rubbery body absorbs attacks. (AC +1, EV +1)
((You are camouflaged when in or above water. (Stealth+)))
You have tentacles for arms and can constrict up to eight enemies at once.


Message History

You hear some strange, mumbled words.
A puff of flame appears from out of thin air!
The puff of flame misses you. The centaur closely misses you.
The centaur kicks you.
You barely miss the centaur. You tentacle-slap the centaur!
Your squeeze misses the centaur.
The centaur is heavily wounded.
The centaur is distracted by your dazzling golden aura.
Something hits you.
You bludgeon the centaur!
The centaur is no longer distracted by gold.
You squeeze the centaur.
The centaur is almost dead.
The centaur barely misses you. x2
You bludgeon the centaur!
You kill the centaur!
The orc hits you with a +0 club.
You hear some strange, mumbled words.
A puff of flame appears from out of thin air!
The puff of flame hits you!! The fire burns you terribly!
* * * LOW HITPOINT WARNING * * *
Your Throwing skill increases to level 1!
You barely miss something. Your squeeze misses something.
The orc hits you but does no damage.
You hear some strange, mumbled words.
A magic dart appears from out of thin air!
The magic dart hits you!
* * * LOW HITPOINT WARNING * * *
It was a potion of resistance.
You feel protected. The orc hits you with a +0 club.
* * * LOW HITPOINT WARNING * * *
Something hits you.
* * * LOW HITPOINT WARNING * * *
Okay, then.
It was a potion of haste.
You feel yourself speed up. The orc barely misses you.
Something completely misses you.
The orc warrior hits you with a +0 hand axe!
You die...
Your body crumbles into a pile of gold.

### ..# #.# ..##
#############..###
#..........##....#
#..........##oo..#
####..........##@...#
...............{$$..#
####......(....#....#
#...........#....#
#..........##....#
#######.##.....### #
#....<....# #
...........# #
#.###..#....#


You could see an orc warrior and an orc.

Vanquished Creatures
  A two-headed ogre (D:6)
  Sigmund (D:5)
  Edmund (D:5)
  Menkaure (D:5)
  An ice beast (D:6)
  A black bear (D:6)
  A centaur (D:6)
  A phantom (D:4)
  2 bullfrogs
  Blork the orc (D:5)
  2 water moccasin zombies (Ossuary)
  2 scorpions (D:6)
  2 wights (D:4)
  A howler monkey (D:6)
  6 bullfrog zombies (Ossuary)
  6 centaur zombies (Ossuary)
  3 orc priests
  2 hounds
  A jelly (D:5)
  A sleepcap (D:6)
  7 mummies (Ossuary)
  3 iguanas (D:5)
  3 orc wizards
  3 killer bee zombies (Ossuary)
  A howler monkey zombie (Ossuary)
  7 river rats (Sewer)
  5 adders
  3 gnolls (D:6)
  A shadow imp (D:5)
  3 worms (D:4)
  3 dart slugs
  15 orcs
  10 ball pythons
  4 endoplasms
  2 giant cockroaches
  3 goblins
  3 hobgoblins
  17 jackals
  4 quokkas
  5 bats
  6 frilled lizards
  17 kobolds
  20 rats
182 creatures vanquished.

Vanquished Creatures (others)
  A wight (D:4)
  An orc priest (D:3)
2 creatures vanquished.

Grand Total: 184 creatures vanquished

Notes
Turn   | Place    | Note
-------+----------+-------------------------------------------
     0 | D:1      | H0rd4k the Octopode Artificer began the quest for the Orb.
     0 | D:1      | Reached XP level 1. HP: 13/13 MP: 1/1
   248 | D:1      | Reached XP level 2. HP: 13/18 MP: 2/2
   565 | D:1      | Reached XP level 3. HP: 23/23 MP: 3/3
   825 | D:2      | Reached skill level 1 in Unarmed Combat
  1098 | D:2      | Reached XP level 4. HP: 28/28 MP: 4/4
  1736 | D:3      | Found an iron altar of Okawaru.
  1769 | D:3      | Identified the ring "Miufam" {rC+ Str+2}
  1960 | D:3      | Reached skill level 2 in Unarmed Combat
  1988 | D:3      | Reached XP level 5. HP: 33/33 MP: 5/5
  2246 | D:4      | Found a white marble altar of Elyvilon.
  2534 | D:4      | Found a glowing drain.
  2545 | Sewer    | Entered a sewer
  2831 | Sewer    | Reached XP level 6. HP: 33/38 MP: 6/6
  2959 | Sewer    | Reached skill level 3 in Unarmed Combat
  3695 | D:4      | Found a runed translucent gate.
  3695 | D:4      | Found a runed translucent gate.
  3695 | D:4      | Found a runed translucent gate.
  3697 | D:4      | Noticed LavenderCorpse's ghost (amateur DjFi)
  3938 | D:4      | Reached skill level 4 in Unarmed Combat
  4114 | D:4      | Reached XP level 7. HP: 45/45 MP: 7/7
  4426 | D:5      | Entered Level 5 of the Dungeon
  4426 | D:5      | Noticed Menkaure
  4428 | D:5      | Killed Menkaure
  4429 | D:5      | Reached skill level 5 in Stealth
  4455 | D:5      | Noticed Sigmund
  4459 | D:5      | Killed Sigmund
  4460 | D:5      | Reached skill level 5 in Unarmed Combat
  4523 | D:5      | Found a staircase to the Ecumenical Temple.
  4530 | Temple   | Entered the Ecumenical Temple
  4558 | Temple   | Became a worshipper of Gozag Ym Sagoz the Greedy
  4674 | D:5      | Found a sand-covered staircase.
  4682 | Ossuary  | Entered an ossuary
  4714 | Ossuary  | Reached XP level 8. HP: 36/51 MP: 8/8
  4828 | Ossuary  | Reached skill level 6 in Unarmed Combat
  5304 | Ossuary  | Reached skill level 7 in Unarmed Combat
  5752 | D:5      | Reached skill level 5 in Dodging
  5815 | D:5      | Noticed Blork the orc
  5820 | D:5      | Killed Blork the orc
  5869 | D:5      | Reached XP level 9. HP: 45/57 MP: 9/9
  6003 | D:5      | Reached skill level 8 in Unarmed Combat
  6292 | D:5      | Noticed Edmund
  6300 | D:5      | Killed Edmund
  6764 | D:6      | Found Owuwynen's Antique Armour Shop.
  6799 | D:6      | Noticed a two-headed ogre
  6809 | D:6      | Killed a two-headed ogre
  6810 | D:6      | Reached skill level 9 in Unarmed Combat
  6810 | D:6      | Reached skill level 5 in Evocations
  7174 | D:6      | Reached skill level 1 in Throwing
  7175 | D:6      | HP: 2/58 [something (3)]
  7176 | D:6      | Mangled by an orc warrior

Illustrated notes

Levels and vault maps discovered:
D:1:      roderic_chinese_lattice_arrival, layout_basic
D:2:      layout_basic
D:3:      layout_basic, okawaru_trees_2
D:4:      layout_loops_corners, nicolae_elyvilon_peaceful_grove,
          gammafunk_ghost_nasty_kobolds, cheibrodos_sewer_entry_bend,
          minmay_tree_intersection
D:5:      layout_gridville, temple_green, enter_ossuary_1, minivault_25,
          uniq_edmund, uniq_blork_the_orc, uniq_sigmund, uniq_menkaure
D:6:      layout_rooms, lemuel_coloured_pillars_altar, serial_shops, shop,
          minmay_fractal_squares_gapless_5
Temple:   nicolae_temple_great_sept

Skill      XL: |  1  2  3  4  5  6  7  8  9 |
---------------+----------------------------+-----
Unarmed Combat | 1 2 4 5 7 9 |  9.8
Evocations     | 4 5 |  5.2
Dodging        | 3 4 5 |  5.6
Stealth        | 2 3 4 5 6 7 |  7.2
Fighting       | 2 3 4 |  4.1
Throwing       | 1 |  1.0

Action                     |  1- 3 |  4- 6 |  7- 9 || total
---------------------------+-------+-------+-------++-------
  Melee: Unarmed           |    92 |   200 |   206 ||   498
         Constrict         |    27 |    53 |    39 ||   119
         Tentacles         |    17 |    45 |    59 ||   121
         Punch             |       |    11 |    13 ||    24
  Throw: Dart              |       |       |     5 ||     5
  Evoke: Wand              |       |     4 |    25 ||    29
    Use: Potion            |       |       |     2 ||     2
   Stab: Sleeping          |     6 |    10 |     3 ||    19
 Armour: Skin              |     9 |    12 |    12 ||    33
  Dodge: Dodged            |    54 |   135 |   131 ||   320
